 Dungeon Crawl Stone Soup version 0.31-a0-1476-g8a4046af8c (webtiles) character file.

Game seed: 3437141931360352102

42 Bnni the Digger (level 3, -8/26 HPs)
             Began as a Formicid Earth Elementalist on Dec 29, 2023.
             Mangled by Sigmund
             ... wielding a +0 scythe
              (10 damage)
             ... on level 2 of the Dungeon.
             The game lasted 00:05:14 (1469 turns).

Bnni the Digger (Formicid Earth Elementalist)       Turns: 1469, Time: 00:05:14

Health: -8/26      AC:  2    Str: 12    XL:     3   Next: 80%
Magic:  3/6        EV: 12    Int: 16    God:
Gold:   63         SH:  0    Dex: 14    Spells: 6/7 levels left

rFire   . . .        j - +0 quarterstaff
rCold   . . .        (no shield)
rNeg    . . .        a - +0 robe
rPois   .            (helmet unavailable)
rElec   .            (no cloak)
rCorr   .            (no gloves)
SInv    +            (no boots)
Will    .....        (no amulet)
Stlth   +            (no ring)
HPRegen 0.24/turn    (no ring)
MPRegen 0.10/turn

%: no passive effects
@: confused
A: permanent stasis, dig shafts and tunnels, antennae 3, four strong arms
a: Dig, Shaft Self


You were on level 2 of the Dungeon.
You visited 1 branch of the dungeon, and saw 2 of its levels.

You collected 63 gold pieces.

Inventory:

Hand Weapons
 j - a +0 quarterstaff (weapon)
Missiles
 g - 6 poisoned darts
Armour
 a - a +0 robe (worn)
 e - a +0 crystal plate armour
 k - a +2 ring mail of cold resistance
Scrolls
 c - 2 scrolls of teleportation {unknown}
 d - a scroll of poison {unknown}
 h - a scroll of noise {unknown}
 i - 2 scrolls of identify {unknown}
Potions
 b - 2 potions of magic


   Skills:
 + Level 1.2 Fighting
 + Level 0.8 Armour
 - Level 1.7 Dodging
 - Level 2.4 Stealth
 + Level 2.5 Spellcasting
 + Level 0.8 Conjurations
 * Level 4.3 Earth Magic
 - Level 1.3 Alchemy


You had 6 spell levels left.
You knew the following spells:

 Your Spells              Type           Power      Damage    Failure   Level
a - Sandblast             Erth           32%        2d9       3%          1

Your spell library contained the following spells:

 Spells                   Type           Power      Damage    Failure   Level
 Passwall                 Erth           16%        N/A       10%         3
 Stone Arrow              Conj/Erth      20%        3d8       21%         3
 Gell's Gravitas          Tloc           2%         N/A       52%         3
 Teleport Other           Tloc           2%         N/A       52%         3
 Petrify                  Alch/Erth      11%        N/A       52%         4
 Brom's Barrelling Bould  Conj/Erth      10%        2d3       54%         4
 Dispersal                Tloc           1%         N/A       100%        6


Dungeon Overview and Level Annotations

Branches:
Dungeon (2/15)

Altars:

Annotations:
D:2 Sigmund


Innate Abilities, Weirdness & Mutations

You cannot be hasted, slowed, berserked, paralysed or teleported.
You can dig through walls and to a lower floor.
You have a pair of large antennae on your head. (SInv)
Your four strong arms can wield two-handed weapons with a shield.


Message History

The blast of sand hits Sigmund but does no damage.
Sigmund is moderately wounded.
Sigmund hits you from afar with a +0 scythe!
Unknown command.
Aiming: Sandblast (safe; 3% risk of failure)
Press: ? - help, Q - select action, (/) - cycle Shift-Dir - straight line, f/p - Sigmund
Aim: Sigmund, wielding a +0 scythe and wearing a +0 robe (moderately wounded, 80% to hit)
The blast of sand hits Sigmund!
Sigmund is heavily wounded.
Sigmund casts a spell at you.
You are confused.
Okay, then.
You bump into the rock wall.
Sigmund barely misses you.
You bump into the rock wall.
Sigmund is suddenly surrounded by pale red light.
Sigmund hits you from afar with a +0 scythe.
You bump into the rock wall.
You're too confused to move!
You feel less confused. Sigmund closely misses you.
Aiming: Sandblast (safe; 3% risk of failure)
Press: ? - help, Q - select action, (/) - cycle Shift-Dir - straight line, f/p - Sigmund
Aim: Sigmund, wielding a +0 scythe and wearing a +0 robe (heavily wounded, 80% to hit)
The blast of sand hits Sigmund!
Sigmund is almost dead.
Sigmund gestures at you while chanting.
You are confused.
Unknown command.
You're too confused to cast spells.
Unknown command.
Unknown command.
You bump into the rock wall.
Sigmund barely misses you.
You bump into the rock wall.
Sigmund casts a spell at you. The magic dart hits you!
* * * LOW HITPOINT WARNING * * *
You bump into the rock wall.
Sigmund hits you from afar with a +0 scythe!
You die...
Sigmund begins carving another notch in his scythe.

## ##### .. ...# #######
.########.##
#.....#######........#...##
######.###.....@.@..# #.....†.
#......# #.#######..# ###...#.
#.####.###.# .# ##.......
##.###......#######..####......#.
......###........................
##.###.#.##########..####..##.#.#
##.# ##.## #........##.#.# ##.#
### #..####.###.#.# ##.#
#.....).###.#.#


You could see Sigmund.

Vanquished Creatures
  An adder (D:2)
  3 endoplasms
  3 giant cockroaches
  2 hobgoblins
  2 quokkas
  5 ball pythons (D:1)
  4 bats
  2 frilled lizards (D:1)
  2 goblins
  2 kobolds (D:1)
  7 rats
33 creatures vanquished.

Notes
Turn   | Place    | Note
-------+----------+-------------------------------------------
     0 | D:1      | Bnni the Formicid Earth Elementalist began the quest for
                  | the Orb.
     0 | D:1      | Reached XP level 1. HP: 13/13 MP: 3/3
   326 | D:1      | Reached XP level 2. HP: 20/20 MP: 3/5
   481 | D:1      | Reached skill level 4 in Earth Magic
   741 | D:1      | Reached XP level 3. HP: 25/25 MP: 4/6
   849 | D:1      | Reached skill level 1 in Fighting
  1457 | D:2      | Noticed Sigmund
  1468 | D:2      | HP: 1/26 [Sigmund/magic dart (9)]
  1469 | D:2      | Mangled by Sigmund

Illustrated notes

Levels and vault maps discovered:
D:1:      lemuel_arrival_behind_the_door_large, layout_loops_ring,
          minmay_pentomino_r2
D:2:      layout_loops_ring, minmay_cut_off, uniq_sigmund

Skill      XL: |  1  2  3 |
---------------+----------+-----
Earth Magic    | 4 |  4.3
Fighting       | 1 |  1.2
Armour         | |  0.8
Dodging        | |  1.7
Stealth        | |  2.4
Spellcasting   | |  2.5
Conjurations   | |  0.8
Alchemy        | |  1.3

Action                     || total
---------------------------++-------
   Cast: Sandblast         ||    42
 Armour: Robe              ||     8
  Dodge: Dodged            ||     6

Table legend: (Time is in decaauts)
 A = Elapsed time spent in this place.
 B = Non-inter-level travel time spent in this place.
 C = Inter-level travel time spent in this place.
 D = Time resting spent in this place.
 E = Time spent auto-exploring this place.
 F = Levels seen in this place.
 G = Mean time per level.
                   A        B        C        D        E       F      G
               +--------+--------+--------+--------+--------+-----+--------+
         Total |   1488 |   1475 |     13 |      0 |   1241 |   2 |  744.0 |
       Dungeon |   1488 |   1475 |     13 |      0 |   1241 |   2 |  744.0 |
               +--------+--------+--------+--------+--------+-----+--------+

Top non-repeatable levels by time:
     D:1: 961 daAuts
     D:2: 527 daAuts
